 Dungeon Crawl Stone Soup version 0.28.0-53-g5a82cb258f (webtiles) character file.

Game seed: 10092034479341713769

10 MiltankisOP the Ruffian (level 2, 29/29 HPs)
             Began as a Troll Monk on June 14, 2022.
             Was a Believer of Nemelex Xobeh.
             Quit the game on level 1 of the Dungeon.
             The game lasted 00:00:54 (142 turns).

MiltankisOP the Ruffian (Troll Monk)                 Turns: 142, Time: 00:00:55

Health: 29/29      AC:  4    Str: 18    XL:     2   Next: 10%
Magic:  1/1        EV: 10    Int:  6    God:    Nemelex Xobeh [**....]
Gold:   0          SH:  0    Dex: 12    Spells: 1/1 levels left

rFire   . . .      SeeInvis .     - Unarmed
rCold   . . .      Faith    .   (no shield)
rNeg    . . .      Spirit   .   a - +0 robe
rPois   .          Reflect  .   (helmet restricted)
rElec   .          Harm     .   (no cloak)
rCorr   .          Rampage  .   (gloves unavailable)
Will    .....                   (boots unavailable)
Stlth   ++........              (no amulet)
HPRegen 0.89/turn               (no ring)
MPRegen 0.07/turn               (no ring)

@: no status effects
A: large, unfitting armour, claws 3, regeneration 1, shaggy fur 1, tough skin 1
a: Renounce Religion, Draw Escape, Draw Destruction, Draw Summoning


You were on level 1 of the Dungeon.
You worshipped Nemelex Xobeh.
Nemelex Xobeh was pleased with you.
You visited 1 branch of the dungeon, and saw 1 of its levels.

Inventory:

Armour
 a - a +0 robe (worn)
Scrolls
 b - a scroll of enchant armour {unknown}


   Skills:
 + Level 2.7 Fighting
 - Level 2.4 Dodging
 - Level 1.0 Stealth
 + Level 3.3 Unarmed Combat


You had one spell level left.
You didn't know any spells.
Your spell library was empty.

Dungeon Overview and Level Annotations

Branches:
Dungeon (1/15)

Altars:
Nemelex Xobeh


Innate Abilities, Weirdness & Mutations

You are too large for most types of armour.
You have claws for hands.
Your natural rate of healing is unusually fast.
You are covered in fur. (AC +1)
You have tough skin. (AC +1)


Message History

You scratch the endoplasm.
The endoplasm is lightly wounded.
The endoplasm freezes you.
You are frozen.
You claw the endoplasm!
You kill the endoplasm!
No target in view!
No target in view!
No target in view!
No target in view!
No target in view!
No target in view!
No target in view!
No target in view!
No target in view!
No target in view!
No target in view!
No target in view!
No target in view!
No target in view!
You enter the shallow water.
Moving in this stuff is going to be slow.
Found a faded altar of an unknown god.
There is a fountain of sparkling water here.
A ball python comes into view.
There is a fountain of sparkling water here.
There is a faded altar of an unknown god here.
You cannot tell which god this altar belongs to.
Convert to them anyway?
Nemelex Xobeh accepts your prayer! Nemelex Xobeh welcomes you!
Nemelex will now gift you decks of power as you gain piety.
Nemelex Xobeh deals you some cards!
You now have 1 escape card, 4 destruction cards and 5 summoning cards.
You can now draw from decks of power.
Nemelex Xobeh deals you some cards!
You now have 6 escape cards, 10 destruction cards and 5 summoning cards.
You aren't carrying any pieces of jewellery.
Unknown command.
Press < or > to pray at altars.
Are you sure you want to abandon this character and quit the game? (Confirm with "yes".)

#..#.... #..#.#.
#.....
##.##.##########
#..............#
#........#####.#
#......#.# #.#
#P ######.†#.#
#.# #P.
#@#..#..#.# #†#
#.≈P#.#..#..#.#
#.# #...PP†.P#.#
#.##
#.P...≈..#.#
#...
#P≈.⌠⌠PP[#.#
#### .#.≈P.≈...#
#P...P....#
#.....PP..#
..........##


There were no monsters in sight!

Vanquished Creatures
  2 bats (D:1)
  2 endoplasms (D:1)
  A hobgoblin (D:1)
  2 jackals (D:1)
  2 ball pythons (D:1)
9 creatures vanquished.

Notes
Turn   | Place    | Note
-------+----------+-------------------------------------------
     0 | D:1      | MiltankisOP the Troll Monk began the quest for the Orb.
     0 | D:1      | Reached XP level 1. HP: 22/22 MP: 0/0
   106 | D:1      | Reached XP level 2. HP: 29/29 MP: 1/1
   119 | D:1      | Found a faded altar of an unknown god.
   141 | D:1      | Prayed at the altar of an unknown god.
   141 | D:1      | Became a worshipper of Nemelex Xobeh the Trickster
   141 | D:1      | Reached * piety under Nemelex Xobeh
   141 | D:1      | Received a gift from Nemelex Xobeh
   141 | D:1      | Reached ** piety under Nemelex Xobeh
   141 | D:1      | Received a gift from Nemelex Xobeh
   142 | D:1      | Quit the game

Illustrated notes

Levels and vault maps discovered:
D:1:      erik_arrival_orb_chamber, layout_loops_ring,
          shapermc_ecumenical_altar_mp_ritualfount, serial_shops, shop

Action                   || total
-------------------------++-------
Melee: Unarmed           ||    28
Armor: Robe              ||     8
Dodge: Dodged            ||    14
